 Dungeon Crawl Stone Soup version 0.22-a0-617-g6d95e9e (webtiles) character file.

2653 sking99 the Martial Artist (level 9, -5/61 HPs)
             Began as an Octopode Transmuter on July 12, 2018.
             Was a Priest of Ru.
             Slain by an iguana (14 damage)
             ... on level 6 of the Dungeon.
             The game lasted 00:14:53 (8043 turns).

sking99 the Martial Artist (Octopode Transmuter)    Turns: 8043, Time: 00:14:54

Health: -5/61      AC:  2    Str:  9    XL:     9   Next: 62%
Magic:  11/12      EV: 25    Int: 16    God:    Ru [***...]
Gold:   293        SH:  0    Dex: 20    Spells: 2/12 levels left

rFire    x . .     SeeInvis .     - Unarmed
rCold    x . .     Gourm    .   (shield currently unavailable)
rNeg     + . .     Faith    .   (helmet currently unavailable)
rPois    x         Spirit   .   (no amulet)
rElec    .         Reflect  .   r - ring of positive energy
rCorr    .         Harm     .   (no ring)
MR       .....                  (no ring)
Stlth    ++........             (no ring)
HPRegen  0.20/turn              (no ring)
MPRegen  0.13/turn              (no ring)
                                (no ring)
                                (no ring)

@: spider-form
A: tiny, almost no armour, stealthy swim, (amphibious), 8 rings, (constrict 8),
temperature sensitive
a: End Transformation, Draw Out Power, Renounce Religion


You were on level 6 of the Dungeon.
You worshipped Ru.
Ru was most pleased with you.
You were not hungry.
You were a venomous arachnid creature.
You visited 2 branches of the dungeon, and saw 7 of its levels.

You collected 293 gold pieces.

Inventory:

Missiles
 a - 132 arrows
Jewellery
 r - a ring of positive energy (left front leg)
 w - an uncursed ring of ice
Wands
 d - a wand of flame (31)
 i - a wand of iceblast (10)
 s - a wand of polymorph (25)
Scrolls
 b - 3 scrolls of teleportation
 e - a scroll of enchant weapon
 g - a scroll of amnesia
 j - a scroll of enchant armour
 k - 4 scrolls of remove curse
 q - a scroll of fear
 t - a scroll of immolation
 x - a scroll of identify
 y - a scroll of torment {unknown}
Potions
 f - a potion of ambrosia
 h - a potion of lignification {unknown}
 l - a potion of curing {unknown}
 m - a potion of flight
 n - 2 potions of heal wounds
 o - 4 potions of mutation
 p - a potion of haste
 u - 3 potions of degeneration {unknown}
Comestibles
 c - 12 rations
 v - 2 chunks of flesh


   Skills:
 + Level 5.6 Fighting
 + Level 5.9 Dodging
 * Level 8.6 Unarmed Combat
 - Level 2.0 Spellcasting
 - Level 6.0 Transmutations
 - Level 2.0 Poison Magic


You had 2 spell levels left.
You knew the following spells:

 Your Spells              Type           Power        Failure   Level  Hunger
a - Beastly Appendage     Tmut           ###...       8%          1    #......
b - Sticks to Snakes      Tmut           ###.....     10%         2    ###....
c - Spider Form           Tmut/Pois      ##........   28%         3    ###....
d - Ice Form              Ice/Tmut       ##......     73%         4    #####..

Your spell library contained the following spells:

 Spells                   Type           Power        Failure   Level  Hunger
 Blade Hands              Tmut           ###.......   65%         5    ######.


Dungeon Overview and Level Annotations

Branches:
Dungeon (6/15)             Temple (1/1) D:4

Altars:
Ashenzari
Cheibriados
Elyvilon
Fedhas
Gozag
Hepliaklqana
Kikubaaqudgha
Makhleb
Nemelex Xobeh
Okawaru
Ru
Sif Muna
Trog
Uskayaw
Wu Jian
Xom
Yredelemnul
Zin
The Shining One

Shops:
D:5 ?


Innate Abilities, Weirdness & Mutations

You cannot wear most types of armour.
You are very stealthy in the water. (Stealth+)
((You are amphibious.))
You can wear up to eight rings at the same time.
((You can use your tentacles to constrict eight enemies at once.))
((Your skin changes colour to match your surroundings (Stealth+).))
((Your rubbery body absorbs attacks. (AC +1, EV +1)))
You are sensitive to extremes of temperature. (rF-, rC-)


Message History

You feel a bit more experienced.
You see here a throwing net.
You hit the gnoll.
The gnoll is lightly wounded.
The gnoll misses you.
You bite the gnoll!
The gnoll is almost dead.
The gnoll misses you. x2
You hit the iguana.
The iguana is poisoned.
The iguana is lightly wounded.
The iguana completely misses you.
You hit the iguana.
The iguana looks as sick as possible!
The iguana is moderately wounded.
The iguana misses you.
You hit the iguana but do no damage.
The iguana is moderately wounded.
The gnoll hits you from afar with a halberd!
* * * LOW HITPOINT WARNING * * *
The iguana bites you!
You die...

#..##....###
##..##......##
....#........## ..
###...........## ####.#
###..........#######.....#
#...........##..........
#...........##..(.#.#...
#...........##5.........
##..........slgg#)....#.
#...........##.........
#..........###.#.....#.
#..........# #.......!.
#.......#..# #>..#.#...
##..<..##.## #........)
###..##..#########....
#####..#...## ...
#.......## ...


You could see an iguana, 2 gnolls and a crimson imp.

Vanquished Creatures
  Sigmund (D:2)
  Menkaure (D:4)
  An orc warrior (D:6)
  An ice beast (D:5)
  A necrophage (D:5)
  A phantom (D:4)
  2 centaurs (D:5)
  3 ogres
  7 big kobolds (D:3)
  4 bullfrogs
  A gnoll sergeant (D:6)
  2 scorpions
  A howler monkey (D:4)
  A hound (D:3)
  A bullfrog zombie (D:5)
  A bullfrog skeleton (D:4)
  2 centaur skeletons
  An orc priest (D:5)
  3 iguanas
  Ijyb (D:4)
  3 worker ants
  A howler monkey skeleton (D:4)
  12 gnolls
  5 adders
  A shadow imp (D:6)
  3 oozes
  2 worms
  4 leopard geckos
  14 orcs
  11 bats
  2 giant cockroaches
  5 goblins
  10 hobgoblins
  15 jackals
  34 kobolds
  3 quokkas
  5 frilled lizards
  A leopard gecko skeleton (D:4)
  A leopard gecko zombie (D:5)
  A quokka skeleton (D:6)
  8 rats
177 creatures vanquished.

Notes
Turn   | Place    | Note
-------+----------+-------------------------------------------
     0 | D:1      | sking99 the Octopode Transmuter began the quest for the Orb.
     0 | D:1      | Reached XP level 1. HP: 13/13 MP: 3/3
   392 | D:1      | Reached XP level 2. HP: 18/18 MP: 3/5
  1019 | D:2      | Reached XP level 3. HP: 19/23 MP: 4/6
  1023 | D:2      | Learned a level 2 spell: Sticks to Snakes
  1027 | D:2      | Learned a level 3 spell: Spider Form
  1285 | D:2      | Noticed Sigmund
  1354 | D:2      | Reached XP level 4. HP: 24/29 MP: 5/7
  1373 | D:2      | Killed Sigmund
  1373 | D:2      | Reached skill level 4 in Unarmed Combat
  1373 | D:2      | Reached skill level 1 in Poison Magic
  1373 | D:2      | Reached XP level 5. HP: 10/35 MP: 1/8
  1750 | D:2      | Reached XP level 6. HP: 34/41 MP: 7/9
  2500 | D:3      | Reached skill level 5 in Unarmed Combat
  2638 | D:3      | Reached XP level 7. HP: 32/46 MP: 4/10
  3771 | D:3      | Reached skill level 6 in Unarmed Combat
  4056 | D:3      | Reached XP level 8. HP: 48/54 MP: 1/11
  4184 | D:4      | Noticed Menkaure
  4192 | D:4      | Killed Menkaure
  4387 | D:4      | Learned a level 4 spell: Ice Form
  4635 | D:4      | Noticed Ijyb
  4643 | D:4      | Killed Ijyb
  4725 | D:4      | Reached skill level 7 in Unarmed Combat
  4920 | D:4      | Found a shattered altar of Ashenzari.
  4920 | D:4      | Found an opulent altar of Gozag.
  5717 | D:4      | Reached skill level 5 in Transmutations
  5732 | D:4      | Found a staircase to the Ecumenical Temple.
  5746 | Temple   | Entered the Ecumenical Temple
  5878 | Temple   | Became a worshipper of Ru the Awakened
  5939 | D:4      | Reached skill level 5 in Dodging
  6001 | D:5      | Entered Level 5 of the Dungeon
  6177 | D:5      | Found an iron altar of Okawaru.
  6183 | D:5      | Reached XP level 9. HP: 60/60 MP: 8/12
  6211 | D:5      | Found Ighoreatt's Magic Scroll Shop.
  6348 | D:5      | Reached skill level 5 in Fighting
  6598 | D:5      | Reached skill level 8 in Unarmed Combat
  7058 | D:6      | Found an iron altar of Okawaru.
  7429 | D:6      | HP: 2/61 [poisoned by a gnoll sergeant]
  7851 | D:6      | Gained mutation: You are sensitive to extremes of temperature. (rF-, rC-) [Ru sacrifice]
  7851 | D:6      | Reached * piety under Ru
  7851 | D:6      | Reached ** piety under Ru
  7851 | D:6      | Reached *** piety under Ru
  8043 | D:6      | Slain by an iguana

Vault maps used:
D:1:      giann_forest_graveyard
D:2:      first_ration, uniq_sigmund
D:3:      minmay_goblin_kobold_castle
D:4:      chequers_temple_overflow_statue_of_worship, temple_hall, hex_medium,
          kennysheep_small_square, uniq_ijyb, uniq_menkaure
D:5:      serial_shops, shop, okawaru_gym_becter
D:6:      lemuel_round_altar, st_stairs_2, minmay_statues_item
Temple:   compressed_dpeg_circular_temple

Skill      XL: |  1  2  3  4  5  6  7  8  9 |
---------------+----------------------------+-----
Fighting       | 2 3 4 5 |  5.6
Dodging        | 3 4 5 |  5.9
Unarmed Combat | 4 5 6 7 8 |  8.6
Transmutations | 3 4 5 6 |  6.0
Poison Magic   | 1 2 |  2.0
Spellcasting   | |  2.0

Action                   |  1- 3 |  4- 6 |  7- 9 || total
-------------------------+-------+-------+-------++-------
Melee: Unarmed           |    65 |    92 |   387 ||   544
       Constrict         |    13 |     6 |    23 ||    42
       Tentacles         |    11 |     4 |    18 ||    33
       Kick              |    13 |     3 |       ||    16
       Punch             |     2 |       |     5 ||     7
 Cast: Beastly Appendage |    17 |     2 |       ||    19
       Sticks to Snakes  |     1 |       |     1 ||     2
       Spider Form       |       |    13 |    41 ||    54
Invok: Sacrifice Resista |       |       |     1 ||     1
 Abil: End Transformatio |       |       |     1 ||     1
  Use: Scroll            |       |       |    12 ||    12
       Potion            |       |       |     1 ||     1
 Stab: Sleeping          |     6 |     3 |     4 ||    13
       Distracted        |       |       |     1 ||     1
  Eat: Chunk             |     1 |     7 |    13 ||    21
       Ration            |       |       |     3 ||     3
Armor: Skin              |    14 |     5 |    13 ||    32
Dodge: Dodged            |    58 |   118 |   349 ||   525

Table legend:
 A = Spawn XP
 B = Non-spawn XP
 C = Spawn XP percentage of total XP
 D = Spawn monster count
 E = Non-spawn monster count
 F = Spawn count percentage of total count
 G = Total turns spent on level
                    A         B        C        D         E        F      G
               +---------+---------+-------+---------+---------+-------+---------
         Total |       0 |    3790 |   0.0 |       0 |     177 |   0.0 |  8043
               +---------+---------+-------+---------+---------+-------+---------
           D:1 |       0 |      32 |   0.0 |       0 |      15 |   0.0 |  1022
           D:2 |       0 |     308 |   0.0 |       0 |      25 |   0.0 |  1073
           D:3 |       0 |     979 |   0.0 |       0 |      80 |   0.0 |  2470
           D:4 |       0 |     867 |   0.0 |       0 |      17 |   0.0 |  1289
           D:5 |       0 |     882 |   0.0 |       0 |      21 |   0.0 |   913
           D:6 |       0 |     722 |   0.0 |       0 |      19 |   0.0 |  1129
               +---------+---------+-------+---------+---------+-------+---------
